 Dungeon Crawl Stone Soup version 0.25.0-11-g1f837a76a1 (webtiles) character file.

Game seed: 11081165584111272890

(classic levelgen) 1681 EnegeticOcto the Chopper (level 8, 69/73 HPs)
             Began as a Deep Dwarf Fighter on June 27, 2020.
             Quit the game on level 7 of the Dungeon.
             The game lasted 00:03:57 (2569 turns).

EnegeticOcto the Chopper (Deep Dwarf Fighter)       Turns: 2569, Time: 00:03:57

Health: 69/73      AC: 12    Str: 22    XL:     8   Next: 71%
Magic:  8/8        EV:  4    Int:  9    God:
Gold:   209        SH: 10    Dex: 12    Spells: 7/7 levels left

rFire    . . .     SeeInvis .   a - +0 war axe
rCold    . . .     Gourm    .   c - +0 kite shield
rNeg     . . .     Faith    .   m - +0 plate armour
rPois    .         Spirit   .   (no helmet)
rElec    .         Reflect  .   (no cloak)
rCorr    .         Harm     .   (no gloves)
MR       +....                  (no boots)
Stlth    ..........             (no amulet)
HPRegen  0.00/turn              p - ring of flight
MPRegen  0.11/turn              (no ring)

@: non-regenerating
A: damage resistance, heal wounds, sense surroundings 1, no regeneration
a: Heal Wounds, Evoke Flight


You were on level 7 of the Dungeon.
You were not hungry.

You visited 2 branches of the dungeon, and saw 8 of its levels.

You collected 209 gold pieces.

Inventory:

Hand Weapons
 a - a +0 war axe (weapon)
Armour
 b - a +0 scale mail
 c - a +0 kite shield (worn)
 j - a +0 chain mail
 m - a +0 plate armour (worn)
Jewellery
 p - a ring of flight (left hand)
 z - a +4 ring of evasion {unknown}
Wands
 i - a wand of enslavement (6)
 k - a wand of flame (4) {@v4}
 t - a wand of paralysis (8)
Scrolls
 g - 2 scrolls of teleportation {@r3 !r}
 n - a scroll of fear {unknown}
 s - a scroll of random uselessness {unknown}
 v - 2 scrolls of noise {unknown}
 x - a scroll of magic mapping {unknown}
 y - a scroll of summoning {unknown}
Potions
 d - a potion of might {@q3 !q}
 f - a potion of lignification {@q6}
 h - 2 potions of heal wounds {@q2 !q}
 l - 3 potions of curing {@q1 !q}
 o - a potion of magic
 q - a potion of brilliance
 u - a potion of berserk rage {unknown}
Comestibles
 e - 8 rations


   Skills:
 + Level 4.9 Fighting
 * Level 7.2 Axes
 + Level 5.9 Armour
 + Level 5.9 Shields
 * Level 6.0 Evocations


You had 7 spell levels left.
You didn't know any spells.
Your spell library was empty.

Dungeon Overview and Level Annotations

Branches:
Dungeon (7/15)             Temple (1/1) D:5

Altars:
Ashenzari
Gozag
Nemelex Xobeh
Sif Muna
Uskayaw
Vehumet
Xom
Yredelemnul
The Shining One


Innate Abilities, Weirdness & Mutations

You are resistant to damage.
You can heal yourself by infusing magical energy.
You passively map a small area around you.
You do not regenerate.


Message History

No target in view!
Found a heavily runed ring mail.
You see here a hound corpse.
You butcher the hound corpse.
r - 3 chunks of flesh (gained 1)
You see here a hound skeleton. x2
You now have 182 gold pieces (gained 13).
You see here a hound skeleton.
You see here an embroidered hat.
A crimson imp comes into view.
The crimson imp shouts!
The crimson imp laughs crazily.
You see here 6 gold pieces.
A crimson imp is nearby!
A crimson imp is nearby!
The crimson imp hits you but does no damage.
Your plate armour prevents you from hitting the crimson imp.
The crimson imp hits you but does no damage.
You slash the crimson imp!
The crimson imp is severely wounded.
The crimson imp blinks!
You block the crimson imp's attack.
Your shield and plate armour prevent you from hitting the crimson imp.
The crimson imp is heavily wounded.
The crimson imp blinks!
Your plate armour prevents you from hitting the crimson imp.
The crimson imp is moderately wounded.
The crimson imp hits you but does no damage.
Your plate armour prevents you from hitting the crimson imp.
The crimson imp is moderately wounded.
You block the crimson imp's attack.
You closely miss the crimson imp.
The crimson imp is lightly wounded.
You block the crimson imp's attack.
The crimson imp hits you but does no damage.
You closely miss the crimson imp.
The crimson imp hits you but does no damage.
You slash the crimson imp!
You kill the crimson imp!
No target in view!
No target in view!
w - 2 scrolls of identify {@r1} (gained 1)
You now have 188 gold pieces (gained 6).
You now have 192 gold pieces (gained 4).
Eating one of 3 chunks of flesh.
You eat one of the 3 chunks of flesh.
This raw flesh tastes terrible.
Some of the chunks of flesh in your inventory have rotted away.
Found a club.
You now have 209 gold pieces (gained 17).
g - 2 scrolls of teleportation {@r3 !r} (gained 1)
v - 2 scrolls labeled YCSEOCK JOWNEH (gained 1)
There is a stone staircase leading down here.
You see here a short sword.
You see here a hound skeleton.
You see here a club.
Done exploring.
Done exploring.
No target in view!
No target in view!
No target in view!
Done exploring.
Done exploring.
Done exploring.
As you read the scroll of identify {@r1}, it crumbles to dust.
o - a potion of magic
As you read the scroll of identify {@r1}, it crumbles to dust.
q - a potion of brilliance
Okay, then.
Describe a (M)onster, (S)pell, s(K)ill, (A)bility, (C)ard, (I)tem, (F)eature, (G)od, (B)ranch, c(L)oud or s(T)atus?
Describe a (M)onster, (S)pell, s(K)ill, (A)bility, (C)ard, (I)tem, (F)eature, (G)od, (B)ranch, c(L)oud or s(T)atus?
Okay, then.
Done exploring.
Done exploring.
Unknown command.
(D) Dungeon (T) Temple
Where to? (Enter - D:6, ? - help) All of the chunks of flesh in your inventory have rotted away.
There is a stone staircase leading down here.
You climb downwards.
Found 18 gold pieces.
There is a stone staircase leading up here.
An orc comes into view. It is wielding a +0 flail.
An orc is nearby!
A hound comes into view.
The hound barks!
The orc hits you but does no damage.
You hit the orc.
The orc is lightly wounded.
You block the orc's attack.
You slash the orc!
You kill the orc!
The hound bites you but does no damage.
You slash the hound!
You kill the hound!
Ashenzari seems mollified.
Your Evocations skill increases to level 6!
Saving game... please wait.
Welcome back, EnegeticOcto the Deep Dwarf Fighter.
Press ? for a list of commands and other information.
Are you sure you want to abandon this character and quit the game? (Confirm with "yes".)

, * * * # #. , ,*
#.### #...#
########<########
* * *
#...$............
,
..#.#####@######
,, #.[...... * *
#....#### ** ,
...###* , , ,**
.### * * , ,, *##
* , ,, * , * ** ,
, , * ,


There were no monsters in sight!

Vanquished Creatures
  Prince Ribbit (D:6)
  Grinder (D:6)
  Eustachio (D:5)
  Edmund (D:4)
  Menkaure (D:5)
  2 phantoms (D:5)
  A bullfrog (D:4)
  2 scorpions
  2 crimson imps (D:6)
  2 howler monkeys
  3 hounds
  An orc priest (D:4)
  2 bullfrog skeletons
  A centaur skeleton (D:6)
  Ijyb (D:4)
  2 orc wizards (D:4)
  6 adders
  An adder skeleton (D:4)
  2 worms
  3 leopard geckos (D:2)
  10 orcs
  4 giant cockroaches
  2 hobgoblins (D:2)
  2 jackals (D:2)
  2 kobolds (D:2)
  A quokka (D:3)
  3 ball pythons
  4 bats
  3 frilled lizards
  A jackal zombie (D:5)
  A leopard gecko skeleton (D:4)
  8 rats
77 creatures vanquished.

Notes
Turn   | Place    | Note
-------+----------+-------------------------------------------
     0 | D:1      | EnegeticOcto the Deep Dwarf Fighter began the quest for the
                  | Orb.
     0 | D:1      | Reached XP level 1. HP: 20/20 MP: 1/1
   145 | D:2      | Reached XP level 2. HP: 27/27 MP: 2/2
   331 | D:2      | Reached skill level 3 in Axes
   331 | D:2      | Reached XP level 3. HP: 33/33 MP: 3/3
   352 | D:2      | Reached skill level 3 in Fighting
   590 | D:3      | Your magical essence is drained by the effort!
   618 | D:4      | Noticed a bullfrog
   622 | D:4      | Reached skill level 4 in Shields
   622 | D:4      | Reached XP level 4. HP: 33/42 MP: 3/3
   627 | D:4      | Reached skill level 4 in Armour
   627 | D:4      | Killed a bullfrog
   627 | D:4      | Reached skill level 4 in Axes
   627 | D:4      | Reached XP level 5. HP: 36/49 MP: 4/4
   754 | D:4      | Your magical essence is drained by the effort!
   756 | D:4      | Reached XP level 6. HP: 39/56 MP: 4/4
   836 | D:4      | Noticed Ijyb
   846 | D:4      | Killed Ijyb
   846 | D:4      | Reached skill level 5 in Axes
   883 | D:4      | Reached skill level 1 in Evocations
   918 | D:4      | Noticed Edmund
   964 | D:4      | Killed Edmund
   964 | D:4      | Reached skill level 4 in Fighting
   964 | D:4      | Reached skill level 2 in Evocations
   964 | D:4      | Reached XP level 7. HP: 52/64 MP: 4/6
  1062 | D:5      | Entered Level 5 of the Dungeon
  1099 | D:5      | Reached skill level 5 in Shields
  1109 | D:5      | Found a staircase to the Ecumenical Temple.
  1129 | Temple   | Entered the Ecumenical Temple
  1187 | Temple   | Became a worshipper of Ashenzari the Shackled
  1188 | Temple   | Fell from the grace of Ashenzari
  1224 | D:5      | Reached skill level 5 in Armour
  1224 | D:5      | Reached skill level 3 in Evocations
  1266 | D:5      | Reached skill level 6 in Axes
  1444 | D:5      | Noticed Menkaure
  1446 | D:5      | Killed Menkaure
  1446 | D:5      | Reached skill level 4 in Evocations
  1914 | D:5      | Noticed Eustachio
  1928 | D:5      | Killed Eustachio
  1928 | D:5      | Reached XP level 8. HP: 69/73 MP: 9/9
  2084 | D:6      | Noticed Prince Ribbit
  2119 | D:6      | Your magical essence is drained by the effort!
  2126 | D:6      | Your magical essence is drained by the effort!
  2155 | D:6      | Killed Prince Ribbit
  2155 | D:6      | Reached skill level 5 in Evocations
  2246 | D:6      | Noticed Grinder
  2254 | D:6      | Killed Grinder
  2254 | D:6      | Reached skill level 7 in Axes
  2568 | D:7      | Was forgiven by Ashenzari
  2568 | D:7      | Reached skill level 6 in Evocations
  2569 | D:7      | Quit the game

Illustrated notes

Levels and vault maps discovered:
D:1:      onia_arrival_pentagram, layout_basic, minmay_distorted
D:2:      layout_loops_ring, mrwooster_statue_mirror
D:3:      layout_rooms, first_ration, cheibrodos_sewer_entry_sluice
D:4:      layout_gridville, uniq_ijyb, uniq_edmund
D:5:      layout_basic, minmay_temple_entry_poolview, uniq_menkaure,
          uniq_eustachio
D:6:      layout_rooms, uniq_grinder, uniq_prince_ribbit1
D:7:      layout_loops_ring, grunt_temple_overflow_octagram,
          grunt_temple_overflow_bloody_war, ebering_ghost_inner_flame,
          minmay_misc_feat_x, nicolae_tso_besieged_by_evil
Temple:   jpeg_temple_island

Skill      XL: |  1  2  3  4  5  6  7  8 |
---------------+-------------------------+-----
Axes           | 3 4 5 6 7 |  7.2
Fighting       | 3 4 |  4.9
Shields        | 4 5 |  5.9
Armour         | 4 5 |  5.9
Evocations     | 2 4 6 |  6.0

Action                   |  1- 3 |  4- 6 |  7- 9 || total
-------------------------+-------+-------+-------++-------
Melee: War axe           |   129 |   116 |   172 ||   417
Invok: Renounce Religion |       |       |     1 ||     1
 Abil: Heal Wounds       |     2 |     8 |     9 ||    19
Evoke: Wand              |       |       |    18 ||    18
  Use: Scroll            |       |     3 |     5 ||     8
 Stab: Paralysed         |       |       |    14 ||    14
  Eat: Chunk             |       |     1 |     2 ||     3
       Ration            |       |       |     1 ||     1
Armor: Scale mail        |    31 |       |       ||    31
       Chain mail        |    35 |    12 |       ||    47
       Plate armour      |       |    67 |   102 ||   169
Dodge: Dodged            |    36 |    13 |    20 ||    69
Block: Kite shield       |    68 |    68 |    70 ||   206
